 Dungeon Crawl Stone Soup version 0.29.1-15-g9cfb28693d (webtiles) character file.

Game seed: 10345799502541985261

13141 manyhoops the Martial Artist (level 12, -11/97 HPs)
             Began as an Octopode Transmuter on Apr 9, 2023.
             Was an Initiate of Gozag.
             Killed by an exploding orc (31 damage)
             ... ignited by their inner flame
             ... on level 12 of the Dungeon.
             The game lasted 00:24:55 (15395 turns).

manyhoops the Martial Artist (Octopode Transmuter) Turns: 15395, Time: 00:24:55

Health: -11/97     AC:  8    Str: 19    XL:     12   Next: 2%
Magic:  12/18      EV: 10    Int: 22    God:    Gozag
Gold:   1618       SH:  5    Dex: 17    Spells: 6/19 levels left

rFire   x . .      SeeInvis .     - Unarmed
rCold   + + +      Faith    .   (shield currently unavailable)
rNeg    . . .      Spirit   .   (helmet currently unavailable)
rPois   +          Reflect  +   k - amulet of reflection
rElec   +          Harm     .   b - ring of protection from cold
rCorr   .          Rampage  .   m - +6 ring of dexterity
Will    ++...                   t - +6 ring of strength
Stlth   ++++......              A - ring of willpower
HPRegen 0.26/turn               B - ring of Pokeam {rElec rC- Will+ Int+6 Slay+3}
MPRegen 0.16/turn               (no ring)
                                (no ring)
                                (no ring)

@: ice-form, wereblooded, gold aura
A: freezing attack, boosted hp, almost no armour, amphibious, 8 rings, large,
(camouflage 1), (gelatinous body 1), (nimble swimmer 1), (tentacles), clumsy 1
a: End Transformation, Renounce Religion, Potion Petition, Call Merchant, Bribe
Branch


You were on level 12 of the Dungeon.
You worshipped Gozag.
Gozag was most pleased with you.
You were a creature of crystalline ice.
You visited 3 branches of the dungeon, and saw 14 of its levels.

You collected 1715 gold pieces.
You paid 97 gold pieces to Gozag.

Inventory:

Hand Weapons
 F - the +0 sling of Rotten Valiance (melded) {speed, rC- Int+4}
   (You found it on level 11 of the Dungeon)

   Attacks with this weapon are significantly faster.
   Int:       It affects your intelligence (+4).
   rC:        It makes you vulnerable to cold.
Missiles
 e - 14 poisoned darts (quivered)
Magical Staves
 a - a staff of air
Jewellery
 b - a ring of protection from cold (left front paw)
 k - an amulet of reflection (around neck)
 m - a +6 ring of dexterity (right front paw)
 t - a +6 ring of strength (on tentacle)
 x - an amulet of the acrobat
 A - a ring of willpower (on tentacle)
 B - the ring of Pokeam (on tentacle) {rElec rC- Will+ Int+6 Slay+3}
   (You found it on level 10 of the Dungeon)

   [ring of intelligence]

   Int:       It affects your intelligence (+6).
   Slay:      It affects your accuracy & damage with ranged weapons and melee
   (+3).
   rC:        It makes you vulnerable to cold.
   rElec:     It insulates you from electricity.
   Will:      It increases your willpower.
 D - a ring of positive energy
Wands
 w - a wand of roots (2)
Scrolls
 c - a scroll of immolation
 f - a scroll of blinking
 g - 3 scrolls of noise
 h - a scroll of enchant armour
 j - 3 scrolls of magic mapping
 l - 2 scrolls of fear
 n - 3 scrolls of teleportation
 o - a scroll of brand weapon
 y - 3 scrolls of vulnerability
 z - 2 scrolls of fog
 C - a scroll of identify
 G - a scroll of poison {unknown}
 H - a scroll of enchant weapon {unknown}
Potions
 d - a potion of might
 i - 2 potions of curing
 p - a potion of lignification
 r - a potion of flight
 s - a potion of invisibility {unknown}
 u - 3 potions of heal wounds {unknown}
 v - a potion of haste {unknown}
 E - a potion of resistance {unknown}


   Skills:
 * Level 7.3 Fighting
 - Level 2.0 Dodging
 - Level 8.9 Stealth
 + Level 13.2 Unarmed Combat
 - Level 4.0 Spellcasting
 - Level 6.2 Transmutations
 - Level 6.1 Ice Magic
 - Level 3.7 Evocations


You had 6 spell levels left.
You knew the following spells:

 Your Spells              Type           Power      Damage    Failure   Level
a - Beastly Appendage     Tmut           62%        N/A       1%          1
b - Wereblood             Tmut           31%        N/A       1%          2
c - Ice Form              Ice/Tmut       31%        N/A       9%          4
e - Blink                 Tloc           8%         N/A       17%         2
f - Ensorcelled Hibernat  Hex/Ice        36%        N/A       4%          2
g - Passwall              Tmut/Erth      15%        N/A       4%          2

Your spell library contained the following spells:

 Spells                   Type           Power      Damage    Failure   Level
 Spider Form              Tmut/Pois      18%        N/A       10%         3
 Lesser Beckoning         Tloc           4%         N/A       32%         3
 Swiftness                Air            4%         N/A       32%         3
 Airstrike                Air            2%         2d(1-17)  73%         4
 Fulminant Prism          Conj/Hex       2%         3d6       73%         4
 Iskenderun's Mystic Bla  Conj/Tloc      4%         2d3       73%         4
 Summon Lightning Spire   Summ/Air       4%         N/A       73%         4
 Lee's Rapid Deconstruct  Erth           2%         3d5*      97%         5
 Lightning Bolt           Conj/Air       2%         1d13      97%         5
 Manifold Assault         Tloc           4%         N/A       97%         5


Dungeon Overview and Level Annotations

Branches:
Dungeon (12/15)            Temple (1/1) D:7            Lair (1/5) D:11
    Orc (0/2) D:10

Altars:
Ashenzari
Cheibriados
Dithmenos
Elyvilon
Fedhas
Gozag
Hepliaklqana
Kikubaaqudgha
Makhleb
Nemelex Xobeh
Okawaru
Qazlal
Ru
Sif Muna
Trog
Uskayaw
Vehumet
Wu Jian
Xom
Yredelemnul
Zin
The Shining One

Shops:
D:3 =   D:11 =

Annotations:
D:4 1 runed translucent door, Crazy Yiuf
D:5 3 runed translucent doors, Zeebu's ghost, novice MiFi; xelsha's ghost, novice GrAE
Lair:1 Urug


Innate Abilities, Weirdness & Mutations

You are a creature of crystalline ice.
You have a powerful freezing melee attack.
Your maximum health is increased.
Your armour is entirely melded.
You are incapable of wielding weapons or throwing items.
You cannot wear most types of armour.
You are amphibious.
You can wear up to eight rings at the same time.
((Your skin changes colour to match your surroundings (Stealth+).))
((Your rubbery body absorbs attacks. (AC +1, EV +1)))
((You are camouflaged when in or above water. (Stealth+)))
((You have tentacles for arms and can constrict up to eight enemies at once.))
You are clumsy. (Dex -2)


Message History

You block the orc priest's attack.
There is an open door, spattered with blood here.
Things that are here:
4 gold pieces; a +0 dagger; a +0 leather armour
Okay, then.
Casting: Wereblood (safe; 1% risk of failure)
Confirm with . or Enter, or press ? or * to list all spells.
Okay, then.
Really read the scroll of immolation?
As you read the scroll of immolation, it crumbles to dust.
The creatures around you are filled with an inner flame!
The orc hits you but does no damage. You block the orc's attack.
An ogre comes into view. It is wielding a +0 giant club.
The orc priest barely misses you.
The cyclops is distracted by your dazzling golden aura.
Unknown command.
Aiming: Fastroot
Press: ? - help, Shift-Dir - straight line, f - orc
Aim: an orc, wielding a +0 whip and wearing a +0 leather armour (inner flame)
Okay, then.
The orc priest shouts!
The orc shouts!
You punch the orc! You freeze the orc.
The orc explodes!
The fiery explosion engulfs the orc!! x2
The fiery explosion engulfs the orc!!!
The fiery explosion engulfs the orc priest!!!
The fiery explosion engulfs the orc warrior!!!
The fiery explosion engulfs you!!! The fire burns you terribly!
The orc warrior explodes!
The orc priest explodes!
The fiery explosion engulfs the orc priest!!
The fiery explosion engulfs you!!! The fire burns you terribly!
* * * LOW HITPOINT WARNING * * *
The fiery explosion engulfs the orc!!
You feel a bit better.
The orc explodes!
The fiery explosion engulfs the orc warrior.
Flame seeps out of the orc warrior.
The orc warrior is lightly wounded.
The fiery explosion engulfs you!! The fire burns you terribly!
You die...
Your body crumbles into a pile of gold.

.......... #######'##
##...# #..### ####.##
####### ##....#
$C$$.o§ #<.#### $
..o.$§§### ###'#####~~
.o$oo§§Y.###.......~P~
$
.oo.o§§#..##.......♣~~
..o.o§§##..'......♣P~~
....o§§ ####......♣ P~
$ O..o$.$ #######~~≈ $
.o..$$. ~~≈ #####+#
~≈~ ≈~


You could see a cyclops (inner flame), an orc warrior (inner flame), an ogre, an
orc priest (inner flame) and 11 orcs.

Vanquished Creatures
  A two-headed ogre (D:8)
  3 cyclopes (D:11)
  2 ugly things
  A manticore (D:11)
  Joseph (D:7)
  An unseen horror (D:12)
  2 komodo dragons (D:11)
  2 trolls (D:10)
  Prince Ribbit (D:6)
  Grinder (D:6)
  A hornet (D:11)
  Sigmund (D:2)
  2 wraiths (D:10)
  A water elemental (D:12)
  A wyvern (D:7)
  16 yaks
  Eustachio (D:6)
  A vampire mosquito (D:9)
  A steam dragon (D:9)
  2 acid dragons
  Duvessa (D:7)
  2 ice beasts
  2 sky beasts (D:6)
  2 ogres
  3 black bears
  7 orc warriors
  A centaur (D:6)
  3 phantoms (D:6)
  A kobold brigand (D:10)
  2 necrophages
  2 bullfrogs (D:8)
  4 scorpions
  15 wights
  5 killer bees (D:9)
  Dowan (D:7)
  A howler monkey (D:8)
  2 hounds
  A jelly (D:7)
  9 orc priests
  Jessica (D:2)
  2 iguanas
  Natasha (thrice) (D:3)
  12 orc wizards
  7 gnolls
  7 adders
  A shadow imp (D:5)
  A white imp (D:5)
  2 worms
  A dart slug (D:2)
  51 orcs
  5 bats
  3 endoplasms
  7 giant cockroaches
  3 hobgoblins
  8 kobolds
  A quokka (D:1)
  8 ball pythons
  2 frilled lizards
  7 goblins
  4 rats
242 creatures vanquished.

Notes
Turn   | Place    | Note
-------+----------+-------------------------------------------
     0 | D:1      | manyhoops the Octopode Transmuter began the quest for the
                  | Orb.
     0 | D:1      | Reached XP level 1. HP: 13/13 MP: 3/3
   101 | D:1      | Reached XP level 2. HP: 16/18 MP: 5/5
   692 | D:1      | Learned a level 2 spell: Wereblood
   723 | D:2      | Noticed Jessica
   739 | D:2      | Killed Jessica
   740 | D:2      | Reached skill level 4 in Unarmed Combat
   740 | D:2      | Reached XP level 3. HP: 18/24 MP: 4/6
   793 | D:2      | Noticed Sigmund
   799 | D:2      | Killed Sigmund
   800 | D:2      | Reached skill level 5 in Unarmed Combat
   800 | D:2      | Reached XP level 4. HP: 30/30 MP: 7/7
   800 | D:2      | Reached XP level 5. HP: 36/36 MP: 8/8
  1292 | D:2      | Reached XP level 6. HP: 32/42 MP: 5/9
  2011 | D:3      | Reached skill level 6 in Unarmed Combat
  2079 | D:3      | Found Siemusebb's Jewellery Shop.
  2395 | D:4      | Learned a level 4 spell: Ice Form
  2811 | D:4      | Noticed Natasha
  2826 | D:3      | Killed Natasha
  3039 | D:3      | Noticed Natasha
  3048 | D:3      | Killed Natasha
  3052 | D:3      | Noticed Natasha
  3061 | D:3      | Killed Natasha
  3106 | D:4      | Reached skill level 1 in Evocations
  3106 | D:4      | Reached XP level 7. HP: 45/46 MP: 8/10
  3657 | D:4      | Found a runed translucent door.
  3658 | D:4      | Noticed Crazy Yiuf
  3801 | D:5      | Entered Level 5 of the Dungeon
  4241 | D:5      | Learned a level 3 spell: Spider Form
  4362 | D:5      | Found a snail-covered altar of Cheibriados.
  4470 | D:5      | Identified the +1 cloak "Burrezor" {Dex+4}
  4489 | D:5      | Reached XP level 8. HP: 52/52 MP: 7/11
  4642 | D:5      | Found a runed translucent gate.
  4644 | D:5      | Found a runed translucent gate.
  4644 | D:5      | Found a runed translucent gate.
  4689 | D:5      | Noticed Zeebu's ghost (novice MiFi)
  4689 | D:5      | Noticed xelsha's ghost (novice GrAE)
  5478 | D:6      | Noticed Grinder
  5524 | D:6      | Reached skill level 5 in Transmutations
  5769 | D:6      | Paralysed by Grinder for 3 turns
  5774 | D:6      | Killed Grinder
  6191 | D:6      | Found an ancient bone altar of Kikubaaqudgha.
  6341 | D:6      | Reached XP level 9. HP: 50/57 MP: 13/15
  6402 | D:6      | Reached skill level 5 in Stealth
  6404 | D:6      | Noticed Prince Ribbit
  6415 | D:6      | Killed Prince Ribbit
  6451 | D:6      | Found a sacrificial altar of Ru.
  6486 | D:6      | Noticed Eustachio
  6502 | D:6      | Killed Eustachio
  6919 | D:6      | Reached skill level 1 in Ice Magic
  7553 | D:7      | Gained mutation: You have hidden genetic defects. [potion
                  | of mutation]
  7553 | D:7      | Gained mutation: You are clumsy. (Dex -2) [potion of
                  | mutation]
  7553 | D:7      | Gained mutation: Your system is resistant to poisons.
                  | (rPois) [potion of mutation]
  7659 | D:6      | Lost mutation: You are clumsy. (Dex -2) [potion of
                  | mutation]
  7659 | D:6      | Lost mutation: Your system is resistant to poisons. (rPois)
                  | [potion of mutation]
  7659 | D:6      | Gained mutation: You have a pair of small antennae on your
                  | head. [potion of mutation]
  7690 | D:7      | Found a radiant altar of Vehumet.
  7690 | D:7      | Noticed Joseph
  7717 | D:7      | Killed Joseph
  7767 | D:7      | Found a staircase to the Ecumenical Temple.
  7863 | D:7      | Reached skill level 5 in Ice Magic
  7872 | D:7      | Gained mutation: Your magical capacity is low. (-10% MP)
                  | [hidden defects]
  8212 | Temple   | Entered the Ecumenical Temple
  8365 | Temple   | Became a worshipper of Gozag Ym Sagoz the Greedy
  8436 | D:7      | Noticed Duvessa
  8436 | D:7      | Noticed Dowan
  8441 | D:7      | Learned a level 2 spell: Blink
  8444 | D:7      | Learned a level 2 spell: Ensorcelled Hibernation
  8447 | D:7      | Learned a level 2 spell: Passwall
  8491 | D:7      | Killed Duvessa
  8492 | D:7      | Reached XP level 10. HP: 63/63 MP: 14/14
  8497 | D:7      | Killed Dowan
  8852 | D:7      | Reached skill level 7 in Unarmed Combat
  8864 | D:7      | Gained mutation: You are weak. (Str -2) [hidden defects]
  8864 | D:7      | Lost mutation: You have hidden genetic defects. [hidden
                  | defects expressed]
  9956 | D:8      | Found a basalt altar of Yredelemnul.
 10147 | D:8      | Noticed a two-headed ogre
 10164 | D:8      | Killed a two-headed ogre
 10165 | D:8      | Reached skill level 5 in Fighting
 10165 | D:8      | Reached skill level 8 in Unarmed Combat
 10567 | D:9      | Reached skill level 9 in Unarmed Combat
 11181 | D:9      | Noticed a brown ugly thing
 11221 | D:9      | Killed a brown ugly thing
 11222 | D:9      | Reached skill level 10 in Unarmed Combat
 11222 | D:9      | Reached XP level 11. HP: 72/72 MP: 12/15
 11979 | D:10     | Entered Level 10 of the Dungeon
 12203 | D:10     | Reached skill level 11 in Unarmed Combat
 12269 | D:10     | Found a staircase to the Orcish Mines.
 12731 | D:10     | Found an ornate altar of the Wu Jian Council.
 12757 | D:10     | Identified the ring of Pokeam {rElec rC- Will+ Int+6
                  | Slay+3}
 13183 | D:11     | Found Bimod's Jewellery Emporium.
 13202 | D:11     | Lost mutation: You have a pair of small antennae on your
                  | head. [potion of mutation]
 13202 | D:11     | Lost mutation: You are weak. (Str -2) [potion of mutation]
 13202 | D:11     | Lost mutation: Your magical capacity is low. (-10% MP)
                  | [potion of mutation]
 13202 | D:11     | Gained mutation: You are clumsy. (Dex -2) [potion of
                  | mutation]
 13401 | D:11     | Identified the +0 sling of Rotten Valiance {speed, rC-
                  | Int+4}
 13470 | D:11     | Noticed a cyan ugly thing
 13560 | D:11     | Noticed a manticore
 13564 | D:11     | Killed a manticore
 13565 | D:11     | Reached skill level 12 in Unarmed Combat
 13697 | D:11     | Noticed a cyclops
 13703 | D:11     | Killed a cyclops
 13712 | D:11     | Killed a cyan ugly thing
 13886 | D:11     | Identified the +0 leather armour of Rudduvex {rPois Will++
                  | Dex-3}
 13895 | D:11     | Noticed a cyclops
 13903 | D:11     | Killed a cyclops
 14050 | D:11     | Found a staircase to the Lair.
 14065 | D:11     | Found a stormy altar of Qazlal.
 14339 | D:11     | Noticed a cyclops
 14345 | D:11     | Killed a cyclops
 14519 | Lair:1   | Entered Level 1 of the Lair of Beasts
 14692 | Lair:1   | Noticed Urug
 15346 | D:12     | Reached skill level 13 in Unarmed Combat
 15349 | D:12     | Reached XP level 12. HP: 81/81 MP: 12/18
 15395 | D:12     | Killed by an exploding orc... ignited by their inner flame

Illustrated notes

Levels and vault maps discovered:
D:1:      heliophobic_arrival_enchanted_forest, layout_rooms
D:2:      layout_rooms, uniq_sigmund, uniq_jessica
D:3:      layout_loops_ring, serial_shops, shop
D:4:      layout_loops_cross, serial_glass, glass_columns_b, glass_columns_b,
          glass_columns_c, glass_columns_b, glass_columns_a, glass_columns_a,
          glass_columns_a, glass_columns_a, glass_columns_b, glass_columns_c,
          glass_columns_a, glass_columns_a, glass_columns_c, glass_columns_b,
          grunt_ministairs_11, uniq_natasha, uniq_crazy_yiuf_cottage
D:5:      layout_basic, mainiacjoe_overflow_alcove_2, gammafunk_ghost_cemetery
D:6:      layout_loops_ring, mainiacjoe_overflow_catch_the_wave, uniq_eustachio,
          uniq_grinder, uniq_prince_ribbit1
D:7:      layout_rooms, nicolae_vehumet_altar_sigil,
          minmay_temple_entry_glassed_door, nicolae_lava_and_water, uniq_joseph,
          uniq_duvessa
D:8:      layout_cave_pools, yredelemnul_altar_generic,
          kennysheep_generic_room_4
D:9:      layout_roguey, minivault_20, roderic_serpentine_path
D:10:     layout_long_grid, nicolae_overflow_crystal_walls, orc_david_3
D:11:     layout_loops_ring, lair_entry_dummy, serial_shops,
          nicolae_stop_n_shop_1, nicolae_qazlal_scattered_showers
D:12:     layout_roguey [special_room_orc], serial_bayou, serial_bayou_ford_a,
          serial_bayou_pond_a, serial_bayou_lagoon_a, serial_bayou_pond_e,
          serial_bayou_lagoon_b, serial_bayou_pond_e
Temple:   regret_index_temple_sphere_string
Lair:1:   layout_long_grid, infiniplex_staircase_pool_2, uniq_urug

Skill      XL: |  1  2  3  4  5  6  7  8  9 10 11 |
---------------+----------------------------------+-----
Fighting       | 2 3 6 7 |  7.3
Unarmed Combat | 4 5 6 10 13 | 13.2
Evocations     | 1 3 |  3.7
Transmutations | 4 6 |  6.2
Spellcasting   | 4 |  4.0
Stealth        | 4 8 |  8.9
Ice Magic      | 6 |  6.1
Dodging        | |  2.0

Action                   |  1- 3 |  4- 6 |  7- 9 | 10-12 || total
-------------------------+-------+-------+-------+-------++-------
Melee: Unarmed           |    41 |    90 |   253 |   312 ||   696
       Constrict         |    11 |    24 |    10 |       ||    45
       Tentacles         |     5 |    19 |     6 |       ||    30
       Kick              |     6 |    23 |    13 |       ||    42
       Punch             |     1 |     4 |       |       ||     5
 Fire: Sling             |       |       |       |     2 ||     2
Throw: Dart              |       |       |     4 |       ||     4
 Cast: Beastly Appendage |     9 |    29 |     9 |       ||    47
       Wereblood         |       |     4 |     4 |    20 ||    28
       Spider Form       |       |       |    32 |     1 ||    33
       Ice Form          |       |       |     1 |    41 ||    42
Evoke: Wand              |       |     4 |    10 |     7 ||    21
  Use: Scroll            |     3 |     5 |     4 |     9 ||    21
       Potion            |     1 |     3 |     4 |     3 ||    11
 Stab: Sleeping          |     1 |     4 |     5 |     5 ||    15
       Paralysed         |       |       |    15 |     7 ||    22
       Distracted        |       |       |       |     1 ||     1
Armor: Skin              |     4 |     7 |     9 |    47 ||    67
Dodge: Dodged            |    26 |    41 |   109 |   100 ||   276
Block: Other             |       |    13 |    40 |    57 ||   110
       Reflection        |       |     1 |     1 |     1 ||     3
